 Dungeon Crawl Stone Soup version 0.31-b1-18-g61460d1e46 (webtiles) character file.

Game seed: 3063275075030394456

1 Esekla the Sneak (level 1, 16/16 HPs)
             Began as an Octopode Delver on Jan 16, 2024.
             Quit the game in the Ecumenical Temple.
             The game lasted 00:01:14 (99 turns).

Esekla the Sneak (Octopode Delver)                    Turns: 99, Time: 00:01:15

Health: 16/16      AC:  1    Str: 11    XL:     1   Next: 20%
Magic:  1/1        EV: 13    Int: 12    God:
Gold:   8          SH:  0    Dex: 13    Spells: 0/0 levels left

rFire   . . .        a - +0 falchion
rCold   . . .        (no shield)
rNeg    . . .        (helmet restricted)
rPois   .            (no amulet)
rElec   .            (no ring)
rCorr   .            (no ring)
SInv    .            (no ring)
Will    .....        (no ring)
Stlth   ++++         (no ring)
HPRegen 0.22/turn    (no ring)
MPRegen 0.07/turn    (no ring)
                     (no ring)

%: no passive effects
@: no status effects
A: almost no armour, amphibious, 8 rings, camouflage 1, gelatinous body 1,
(nimble swimmer 1), tentacles
a: no special abilities


You were in the Ecumenical Temple.
You visited 2 branches of the dungeon, and saw 2 of its levels.

You collected 8 gold pieces.

Inventory:

Hand Weapons
 a - a +0 falchion (weapon)
Wands
 f - a wand of digging (3)
Scrolls
 b - a scroll of fog
 d - a scroll of fear
Potions
 e - a potion of haste


   Skills:
 + Level 3.0 Fighting
 + Level 2.0 Long Blades
 + Level 2.0 Dodging
 + Level 6.6 Stealth


You couldn't memorise any spells.
You didn't know any spells.
Your spell library was empty.

Dungeon Overview and Level Annotations

Branches:
Dungeon (5/15)             Temple (1/1) D:5

Altars:
Ashenzari
Elyvilon
Fedhas
Hepliaklqana
Kikubaaqudgha
Nemelex Xobeh
Okawaru
Qazlal
Ru
Sif Muna
Trog
Uskayaw
Wu Jian
Xom
The Shining One

Annotations:
D:5 Blork the orc


Innate Abilities, Weirdness & Mutations

You cannot wear most types of armour.
You are amphibious.
You can wear up to eight rings at the same time.
Your skin changes colour to match your surroundings (Stealth+).
Your rubbery body absorbs attacks. (AC +1, EV +1)
((You are camouflaged when in or above water. (Stealth+)))
You have tentacles for arms and can constrict up to eight enemies at once.


Message History

Welcome, Esekla the Octopode Delver.
The terrific Orb of Zot lies far below, as if waiting for you to find it.
Press ? for a list of commands and other information.
Found 8 gold pieces.
Found a stone staircase leading down.
Blork the orc comes into view.
He is wielding a +0 scimitar.
Found 8 stones.
You see here 8 gold pieces.
You now have 8 gold pieces.
As you read the scroll of revelation, it crumbles to dust.
You feel aware of your surroundings.
You sensed 2 altars.
A kobold brigand and 2 kobolds come into view.
The kobold brigand is wielding a +0 short sword and quivering poisoned darts.
An iguana comes into view.
Found 3 stones.
You see here 3 stones.
Found a hand axe.
Found a staircase to the Ecumenical Temple.
A jackal comes into view.
Found a leather armour.
You open the door.
A hound comes into view.
Found two altars.
You close the door.
You have 8 gold pieces.
A jackal comes into view.
You closely miss the jackal. You grab the jackal. You constrict the jackal.
The jackal misses you.
You hit the jackal. You squeeze the jackal.
You kill the jackal!
There is a staircase to the Ecumenical Temple here.
You see here a jackal corpse.
You climb downwards.
Welcome to the Ecumenical Temple!
Found a staircase back to the Dungeon.
There is a staircase back to the Dungeon here.
Search for what [? for help]?
Gozag Can't find anything matching that.
Are you sure you want to abandon this character and quit the game? (Confirm with "yes".)

♣♣...#_..._#...♣♣
♣..##.....##..♣
♣∩.+..._...#.∩♣
♣..##.....##..♣
♣♣...#_..._#...♣♣
♣♣....###.###....♣♣
♣♣..♣♣...###....♣..♣♣
♣♣..♣♣♣♣........♣♣♣..♣♣
♣..♣♣ ♣♣...@...♣♣ ♣♣..♣
♣_♣♣ ♣♣..♣♣♣♣♣..♣♣ ♣♣_♣
♣♣♣ ♣♣..♣♣ ♣♣..♣♣ ♣♣♣
♣♣..♣♣ ♣♣..♣♣ ♣_.♣♣
♣♣._♣ ♣♣♣♣ ♣♣♣♣


There were no monsters in sight!

Vanquished Creatures
  A jackal (D:5)
1 creature vanquished.

Notes
Turn   | Place    | Note
-------+----------+-------------------------------------------
     0 | D:5      | Esekla the Octopode Delver began the quest for the Orb.
     0 | D:5      | Reached XP level 1. HP: 16/16 MP: 1/1
     0 | D:5      | Noticed Blork the orc
     9 | D:5      | Noticed a kobold brigand
    14 | D:5      | Noticed an iguana
    38 | D:5      | Found a staircase to the Ecumenical Temple.
    65 | D:5      | Found a glowing golden altar of the Shining One.
    65 | D:5      | Found a bloodstained altar of Trog.
    65 | D:5      | Noticed a hound
    98 | Temple   | Entered the Ecumenical Temple
    99 | Temple   | Quit the game

Illustrated notes

Levels and vault maps discovered:
D:5:      layout_basic, gammafunk_temple_overflow_pools,
          minmay_temple_entry_glass, hangedman_decor_clover_reticule,
          uniq_blork_the_orc
Temple:   hellmonk_temple_forest_ring

Action                     || total
---------------------------++-------
  Melee: Falchion          ||     2
         Constrict         ||     1
         Tentacles         ||     1
    Use: Scroll            ||     1
  Dodge: Dodged            ||     1
